[ PARTIDA AOE2 · #474414222 ]
UnrankedBritanos vs Bohemians
[ ANÁLISIS DE REPETICIÓN · EXTRAÍDO DE LA PARTIDA GRABADA ]
Feudal
11:46
Castillos
16:03
Imperial
38:38
| APM promedio | 39.1 |
| APM pico | 87 |
| eAPM promedio | 24.3 |
| Aldeanos / militares | 169 / 93 |
Foco
⚔️ 27.3% · 🌾 72.7%
Longbowman ×67 · Scout Cavalry ×19 · Mangonel ×3 · Trade Cart ×3 · Trebuchet (Packed) ×3 · Monk ×1
Feudal
11:42
Castillos
15:44
Imperial
42:04
| APM promedio | 62.2 |
| APM pico | 98 |
| eAPM promedio | 40.2 |
| Aldeanos / militares | 175 / 32 |
Foco
⚔️ 13.8% · 🌾 86.2%
Monk ×32 · Trade Cart ×1
Feudal
12:57
Castillos
21:54
Imperial
—
| APM promedio | 29.8 |
| APM pico | 81 |
| eAPM promedio | 19.5 |
| Aldeanos / militares | 66 / 219 |
Foco
⚔️ 45.3% · 🌾 54.7%
Spearman ×172 · Militia ×46 · Monk ×1
Feudal
13:05
Castillos
17:02
Imperial
35:58
| APM promedio | 28.6 |
| APM pico | 60 |
| eAPM promedio | 18.4 |
| Aldeanos / militares | 136 / 170 |
Foco
⚔️ 37.1% · 🌾 62.9%
Militia ×97 · Scorpion ×32 · Centurion ×22 · Skirmisher ×14 · Fishing Ship ×7 · Trebuchet (Packed) ×4
Feudal
12:06
Castillos
17:41
Imperial
38:41
| APM promedio | 23.8 |
| APM pico | 62 |
| eAPM promedio | 11.3 |
| Aldeanos / militares | 134 / 32 |
Foco
⚔️ 14.2% · 🌾 85.8%
Skirmisher ×22 · Fishing Ship ×11 · Archer ×10
Feudal
12:25
Castillos
16:20
Imperial
21:13
| APM promedio | 22.0 |
| APM pico | 61 |
| eAPM promedio | 10.1 |
| Aldeanos / militares | 63 / 68 |
Foco
⚔️ 28.9% · 🌾 71.1%
Hand Cannoneer ×54 · Bombard Cannon ×13 · Monk ×1
Feudal
12:13
Castillos
16:09
Imperial
32:40
| APM promedio | 34.6 |
| APM pico | 63 |
| eAPM promedio | 22.1 |
| Aldeanos / militares | 152 / 128 |
Foco
⚔️ 24.9% · 🌾 75.1%
Skirmisher ×90 · Fire Lancer ×16 · Bombard Cannon ×8 · Trebuchet (Packed) ×8 · Fishing Ship ×5 · Battering Ram ×4
Feudal
11:16
Castillos
16:48
Imperial
30:40
| APM promedio | 22.2 |
| APM pico | 52 |
| eAPM promedio | 15.3 |
| Aldeanos / militares | 229 / 197 |
Foco
⚔️ 18.1% · 🌾 81.9%
Spearman ×155 · Bombard Cannon ×26 · Hand Cannoneer ×14 · Fishing Ship ×11 · Monk ×2
Mapa de la partida
Recursos iniciales + cada clic de construcción. Líneas = muros · curvas = relieve. ◆ oro · ⬟ piedra · ● bayas · ✦ reliquia · ◌ hueco del cierre
Inputs por minuto
— Mono brasilero - - Manan369
Build order — Mono brasilero
Primeras 150 de 441 acciones detectadas
| 0:00 | Crear | Villager (Male) |
| 0:01 | Crear | Villager (Male) |
| 0:01 | Crear | Villager (Male) |
| 0:02 | Construir | House |
| 0:03 | Construir | House |
| 0:07 | Crear | Villager (Male) |
| 0:07 | Crear | Villager (Male) |
| 1:21 | Crear | Villager (Male) |
| 1:21 | Crear | Villager (Male) |
| 1:21 | Crear | Villager (Male) |
| 1:44 | Construir | Lumber Camp |
| 1:45 | Crear | Villager (Male) |
| 2:08 | Crear | Villager (Male) |
| 2:08 | Crear | Villager (Male) |
| 2:08 | Crear | Villager (Male) |
| 2:20 | Investigar | Loom |
| 2:20 | Crear | Villager (Male) |
| 2:21 | Crear | Villager (Male) |
| 2:27 | Crear | Villager (Male) |
| 2:40 | Construir | Palisade Wall |
| 2:43 | Crear | Villager (Male) |
| 2:44 | Crear | Villager (Male) |
| 2:44 | Crear | Villager (Male) |
| 3:09 | Crear | Villager (Male) |
| 3:09 | Crear | Villager (Male) |
| 3:21 | Crear | Villager (Male) |
| 3:21 | Crear | Villager (Male) |
| 3:43 | Construir | House |
| 3:47 | Crear | Villager (Male) |
| 3:48 | Crear | Villager (Male) |
| 3:59 | Crear | Villager (Male) |
| 3:59 | Crear | Villager (Male) |
| 4:47 | Crear | Villager (Male) |
| 4:47 | Crear | Villager (Male) |
| 5:18 | Crear | Villager (Male) |
| 5:18 | Crear | Villager (Male) |
| 5:18 | Crear | Villager (Male) |
| 5:26 | Construir | Palisade Wall |
| 5:49 | Construir | House |
| 6:04 | Crear | Villager (Male) |
| 6:05 | Crear | Villager (Male) |
| 6:13 | Crear | Villager (Male) |
| 6:14 | Crear | Villager (Male) |
| 6:20 | Crear | Villager (Male) |
| 6:20 | Crear | Villager (Male) |
| 6:20 | Crear | Villager (Male) |
| 6:23 | Crear | Villager (Male) |
| 6:24 | Crear | Villager (Male) |
| 6:36 | Crear | Villager (Male) |
| 6:36 | Crear | Villager (Male) |
| 6:51 | Construir | Mill |
| 7:27 | Construir | Mill |
| 7:36 | Construir | Palisade Wall |
| 7:40 | Construir | Palisade Wall |
| 8:51 | Construir | Palisade Wall |
| 9:08 | Construir | House |
| 9:16 | Construir | Palisade Wall |
| 9:17 | Investigar | Feudal Age |
| 9:18 | Investigar | Feudal Age |
| 9:24 | Construir | Mining Camp |
| 9:38 | Construir | Farm |
| 11:46 | Edad | Edad Feudal |
| 11:49 | Construir | Blacksmith |
| 12:36 | Construir | Market |
| 12:50 | Construir | Stone Wall |
| 12:54 | Construir | Stone Wall |
| 12:57 | Construir | Stone Wall |
| 13:23 | Investigar | Castle Age |
| 13:24 | Investigar | Castle Age |
| 13:49 | Investigar | Double-Bit Axe |
| 13:51 | Investigar | Horse Collar |
| 13:51 | Investigar | Horse Collar |
| 14:41 | Construir | Stone Wall |
| 15:22 | Construir | Farm |
| 16:03 | Edad | Edad de los Castillos |
| 16:10 | Construir | Town Center |
| 16:13 | Crear | Villager (Male) |
| 16:15 | Investigar | Bow Saw |
| 16:16 | Investigar | Bow Saw |
| 16:22 | Construir | House |
| 16:43 | Construir | Town Center |
| 16:44 | Crear | Villager (Male) |
| 16:45 | Crear | Villager (Male) |
| 16:45 | Crear | Villager (Male) |
| 16:51 | Investigar | Heavy Plow |
| 16:59 | Crear | Villager (Male) |
| 17:04 | Construir | House |
| 17:12 | Crear | Villager (Male) |
| 17:32 | Construir | Stone Wall |
| 17:40 | Construir | Farm |
| 17:42 | Construir | Farm |
| 17:44 | Construir | Farm |
| 17:45 | Construir | Farm |
| 17:48 | Crear | Villager (Male) |
| 17:48 | Crear | Villager (Male) |
| 17:48 | Crear | Villager (Male) |
| 17:59 | Construir | Monastery |
| 18:10 | Crear | Villager (Male) |
| 18:11 | Crear | Villager (Male) |
| 18:21 | Construir | Farm |
| 18:46 | Construir | Farm |
| 18:47 | Crear | Villager (Male) |
| 18:47 | Crear | Villager (Male) |
| 19:01 | Crear | Villager (Male) |
| 19:01 | Crear | Villager (Male) |
| 19:02 | Crear | Villager (Male) |
| 19:05 | Crear | Monk |
| 19:25 | Crear | Villager (Male) |
| 19:25 | Crear | Villager (Male) |
| 19:25 | Crear | Villager (Male) |
| 19:36 | Crear | Villager (Male) |
| 19:36 | Crear | Villager (Male) |
| 19:41 | Construir | Mining Camp |
| 19:43 | Construir | Farm |
| 19:50 | Crear | Villager (Male) |
| 19:50 | Crear | Villager (Male) |
| 19:57 | Construir | Farm |
| 19:57 | Construir | Farm |
| 19:57 | Construir | Farm |
| 19:58 | Construir | Farm |
| 19:58 | Construir | Farm |
| 20:07 | Construir | University |
| 20:11 | Crear | Villager (Male) |
| 20:12 | Crear | Villager (Male) |
| 20:18 | Construir | Farm |
| 20:29 | Crear | Villager (Male) |
| 20:30 | Crear | Villager (Male) |
| 20:43 | Crear | Villager (Male) |
| 20:44 | Crear | Villager (Male) |
| 20:44 | Crear | Villager (Male) |
| 20:49 | Construir | Farm |
| 20:58 | Construir | Farm |
| 21:00 | Construir | Farm |
| 21:03 | Crear | Villager (Male) |
| 21:03 | Crear | Villager (Male) |
| 21:09 | Construir | House |
| 21:10 | Construir | House |
| 21:17 | Crear | Villager (Male) |
| 21:17 | Crear | Villager (Male) |
| 21:17 | Crear | Villager (Male) |
| 21:23 | Construir | Farm |
| 21:25 | Crear | Villager (Male) |
| 21:25 | Crear | Villager (Male) |
| 21:26 | Crear | Villager (Male) |
| 21:53 | Investigar | Fortified Wall (upgrade) |
| 21:53 | Investigar | Fortified Wall (upgrade) |
| 22:02 | Construir | Stone Wall |
| 22:11 | Crear | Villager (Male) |
| 22:11 | Crear | Villager (Male) |
| 22:11 | Crear | Villager (Male) |
Build order — Manan369
Primeras 150 de 409 acciones detectadas
| 0:01 | Crear | Villager (Male) |
| 0:01 | Crear | Villager (Male) |
| 0:02 | Crear | Villager (Male) |
| 0:03 | Construir | House |
| 0:04 | Construir | House |
| 0:04 | Crear | Villager (Male) |
| 0:09 | Investigar | Loom |
| 0:09 | Crear | Villager (Male) |
| 0:10 | Crear | Villager (Male) |
| 0:10 | Crear | Villager (Male) |
| 0:40 | Construir | Palisade Wall |
| 1:55 | Construir | Palisade Wall |
| 2:00 | Crear | Villager (Male) |
| 2:48 | Crear | Villager (Male) |
| 2:48 | Crear | Villager (Male) |
| 3:13 | Crear | Villager (Male) |
| 3:18 | Construir | Lumber Camp |
| 3:41 | Crear | Villager (Male) |
| 3:41 | Crear | Villager (Male) |
| 4:05 | Crear | Villager (Male) |
| 4:13 | Construir | House |
| 4:30 | Crear | Villager (Male) |
| 4:30 | Crear | Villager (Male) |
| 4:57 | Crear | Villager (Male) |
| 4:57 | Crear | Villager (Male) |
| 5:01 | Construir | House |
| 5:14 | Crear | Villager (Male) |
| 5:25 | Crear | Villager (Male) |
| 5:37 | Crear | Villager (Male) |
| 6:20 | Construir | Mill |
| 6:23 | Crear | Villager (Male) |
| 6:27 | Crear | Villager (Male) |
| 6:43 | Crear | Villager (Male) |
| 7:18 | Construir | Mill |
| 7:44 | Crear | Villager (Male) |
| 7:45 | Crear | Villager (Male) |
| 7:45 | Crear | Villager (Male) |
| 7:45 | Crear | Villager (Male) |
| 7:46 | Crear | Villager (Male) |
| 7:46 | Crear | Villager (Male) |
| 8:35 | Crear | Villager (Male) |
| 8:44 | Construir | House |
| 9:29 | Investigar | Feudal Age |
| 9:43 | Construir | Mining Camp |
| 9:55 | Crear | Villager (Male) |
| 9:56 | Crear | Villager (Male) |
| 10:50 | Construir | Farm |
| 10:51 | Construir | Farm |
| 10:52 | Construir | Farm |
| 10:59 | Construir | Farm |
| 11:42 | Edad | Edad Feudal |
| 11:47 | Construir | Market |
| 12:14 | Construir | Blacksmith |
| 12:29 | Crear | Villager (Male) |
| 12:36 | Construir | Farm |
| 13:04 | Investigar | Castle Age |
| 13:04 | Investigar | Castle Age |
| 13:18 | Investigar | Double-Bit Axe |
| 13:54 | Construir | House |
| 13:56 | Construir | House |
| 14:01 | Construir | House |
| 14:02 | Construir | House |
| 14:10 | Investigar | Horse Collar |
| 14:13 | Construir | Farm |
| 14:17 | Crear | Villager (Male) |
| 14:41 | Construir | Palisade Wall |
| 14:42 | Construir | Palisade Wall |
| 15:00 | Crear | Villager (Male) |
| 15:44 | Edad | Edad de los Castillos |
| 15:46 | Construir | Town Center |
| 15:48 | Crear | Villager (Male) |
| 15:55 | Investigar | Bow Saw |
| 16:11 | Construir | Farm |
| 16:17 | Crear | Villager (Male) |
| 16:40 | Construir | Town Center |
| 16:45 | Construir | Farm |
| 16:49 | Crear | Villager (Male) |
| 17:00 | Crear | Villager (Male) |
| 17:05 | Crear | Villager (Male) |
| 17:05 | Crear | Trade Cart |
| 17:06 | Construir | House |
| 17:13 | Crear | Villager (Male) |
| 17:18 | Crear | Villager (Male) |
| 17:20 | Construir | Farm |
| 17:25 | Investigar | Town Watch |
| 17:26 | Crear | Villager (Male) |
| 17:28 | Crear | Villager (Male) |
| 17:42 | Construir | Farm |
| 17:45 | Construir | Farm |
| 17:47 | Crear | Villager (Male) |
| 17:50 | Crear | Villager (Male) |
| 17:58 | Construir | Farm |
| 18:01 | Construir | Farm |
| 18:04 | Crear | Villager (Male) |
| 18:06 | Construir | Farm |
| 18:12 | Crear | Villager (Male) |
| 18:22 | Crear | Villager (Male) |
| 18:26 | Crear | Villager (Male) |
| 18:26 | Crear | Villager (Male) |
| 18:30 | Construir | House |
| 18:31 | Construir | House |
| 18:33 | Construir | House |
| 18:35 | Crear | Villager (Male) |
| 18:52 | Crear | Villager (Male) |
| 19:04 | Crear | Villager (Male) |
| 19:07 | Construir | Farm |
| 19:11 | Construir | Farm |
| 19:14 | Crear | Villager (Male) |
| 19:18 | Construir | Farm |
| 19:22 | Construir | Farm |
| 19:28 | Construir | Farm |
| 19:29 | Crear | Villager (Male) |
| 19:32 | Construir | Farm |
| 19:33 | Crear | Villager (Male) |
| 19:40 | Construir | Farm |
| 19:41 | Crear | Villager (Male) |
| 19:43 | Construir | Farm |
| 19:49 | Crear | Villager (Male) |
| 19:58 | Construir | Farm |
| 20:01 | Construir | Farm |
| 20:03 | Crear | Villager (Male) |
| 20:05 | Construir | Farm |
| 20:06 | Crear | Villager (Male) |
| 20:15 | Construir | Farm |
| 20:19 | Crear | Villager (Male) |
| 20:22 | Construir | Farm |
| 20:25 | Crear | Villager (Male) |
| 20:36 | Crear | Villager (Male) |
| 20:44 | Crear | Villager (Male) |
| 20:48 | Crear | Villager (Male) |
| 20:50 | Crear | Villager (Male) |
| 20:55 | Construir | Farm |
| 21:01 | Crear | Villager (Male) |
| 21:14 | Crear | Villager (Male) |
| 21:18 | Investigar | Wheelbarrow |
| 21:19 | Investigar | Wheelbarrow |
| 21:22 | Crear | Villager (Male) |
| 21:26 | Crear | Villager (Male) |
| 21:28 | Crear | Villager (Male) |
| 21:31 | Construir | Farm |
| 21:34 | Construir | Farm |
| 21:35 | Crear | Villager (Male) |
| 21:44 | Investigar | Heavy Plow |
| 21:45 | Crear | Villager (Male) |
| 21:50 | Crear | Villager (Male) |
| 21:53 | Crear | Villager (Male) |
| 21:58 | Construir | House |
| 22:02 | Construir | House |
| 22:03 | Construir | House |
| 22:06 | Construir | House |
Build order — Vagatela
Primeras 150 de 401 acciones detectadas
| 0:06 | Crear | Villager (Male) |
| 0:06 | Crear | Villager (Male) |
| 0:06 | Crear | Villager (Male) |
| 0:07 | Crear | Villager (Male) |
| 0:09 | Construir | House |
| 0:14 | Investigar | Loom |
| 0:38 | Crear | Villager (Male) |
| 0:39 | Crear | Villager (Male) |
| 0:39 | Crear | Villager (Male) |
| 1:10 | Construir | Palisade Wall |
| 1:22 | Construir | House |
| 2:49 | Construir | House |
| 2:51 | Construir | House |
| 2:53 | Construir | House |
| 2:57 | Construir | House |
| 3:07 | Crear | Villager (Male) |
| 3:08 | Crear | Villager (Male) |
| 3:08 | Crear | Villager (Male) |
| 3:47 | Crear | Villager (Male) |
| 3:47 | Crear | Villager (Male) |
| 4:22 | Crear | Villager (Male) |
| 4:23 | Crear | Villager (Male) |
| 4:53 | Crear | Villager (Male) |
| 4:53 | Crear | Villager (Male) |
| 4:54 | Crear | Villager (Male) |
| 5:41 | Crear | Villager (Male) |
| 5:42 | Crear | Villager (Male) |
| 5:48 | Crear | Villager (Male) |
| 5:48 | Crear | Villager (Male) |
| 5:58 | Construir | Mining Camp |
| 6:20 | Crear | Villager (Male) |
| 6:20 | Crear | Villager (Male) |
| 6:20 | Crear | Villager (Male) |
| 7:05 | Crear | Villager (Male) |
| 7:05 | Crear | Villager (Male) |
| 7:05 | Crear | Villager (Male) |
| 7:14 | Construir | Lumber Camp |
| 7:28 | Crear | Villager (Male) |
| 7:54 | Crear | Villager (Male) |
| 7:55 | Crear | Villager (Male) |
| 8:30 | Construir | Mill |
| 8:55 | Crear | Villager (Male) |
| 8:56 | Crear | Villager (Male) |
| 9:33 | Construir | Mill |
| 9:58 | Construir | Mining Camp |
| 10:47 | Investigar | Feudal Age |
| 10:47 | Investigar | Feudal Age |
| 10:47 | Investigar | Feudal Age |
| 12:14 | Construir | House |
| 12:17 | Construir | House |
| 12:57 | Edad | Edad Feudal |
| 13:04 | Crear | Villager (Male) |
| 13:06 | Investigar | Horse Collar |
| 13:09 | Investigar | Double-Bit Axe |
| 13:10 | Investigar | Stone Mining |
| 13:12 | Investigar | Gold Mining |
| 13:24 | Construir | Stone Wall |
| 13:35 | Construir | Outpost |
| 13:49 | Construir | Blacksmith |
| 13:57 | Crear | Villager (Male) |
| 14:03 | Crear | Villager (Male) |
| 14:09 | Construir | Farm |
| 14:09 | Construir | Farm |
| 14:10 | Construir | Farm |
| 14:22 | Crear | Villager (Male) |
| 14:40 | Construir | Market |
| 15:03 | Construir | House |
| 15:06 | Construir | House |
| 15:12 | Construir | House |
| 15:21 | Crear | Villager (Male) |
| 15:26 | Construir | Farm |
| 15:32 | Construir | Farm |
| 15:45 | Construir | Farm |
| 15:53 | Construir | Farm |
| 16:03 | Construir | Stone Wall |
| 16:10 | Construir | House |
| 16:12 | Construir | House |
| 16:15 | Construir | House |
| 16:16 | Construir | House |
| 16:18 | Construir | House |
| 16:22 | Crear | Villager (Male) |
| 16:22 | Crear | Villager (Male) |
| 16:55 | Construir | Barracks |
| 17:08 | Construir | Farm |
| 17:08 | Construir | Farm |
| 17:08 | Construir | Farm |
| 17:24 | Construir | Farm |
| 17:40 | Crear | Villager (Male) |
| 17:47 | Construir | Farm |
| 18:22 | Construir | Lumber Camp |
| 19:14 | Investigar | Castle Age |
| 19:31 | Construir | Stone Wall |
| 19:38 | Construir | Building 673 |
| 20:27 | Crear | Spearman |
| 20:28 | Crear | Spearman |
| 20:39 | Construir | Barracks |
| 20:59 | Construir | House |
| 21:22 | Construir | House |
| 21:25 | Construir | House |
| 21:35 | Investigar | Wheelbarrow |
| 21:42 | Crear | Spearman |
| 21:43 | Crear | Spearman |
| 21:50 | Crear | Spearman |
| 21:54 | Edad | Edad de los Castillos |
| 21:56 | Investigar | Heavy Plow |
| 21:56 | Investigar | Heavy Plow |
| 21:57 | Investigar | Bow Saw |
| 21:57 | Investigar | Bow Saw |
| 21:58 | Investigar | Bow Saw |
| 22:00 | Crear | Villager (Male) |
| 22:02 | Crear | Villager (Male) |
| 22:03 | Crear | Villager (Male) |
| 22:04 | Crear | Villager (Male) |
| 22:06 | Crear | Villager (Male) |
| 22:07 | Crear | Villager (Male) |
| 22:17 | Crear | Spearman |
| 22:17 | Crear | Spearman |
| 22:34 | Crear | Villager (Male) |
| 22:37 | Crear | Spearman |
| 22:38 | Crear | Spearman |
| 22:38 | Crear | Spearman |
| 22:46 | Crear | Spearman |
| 22:47 | Crear | Spearman |
| 23:01 | Construir | House |
| 23:06 | Construir | House |
| 23:09 | Construir | House |
| 23:28 | Investigar | Gold Shaft Mining |
| 23:28 | Investigar | Gold Shaft Mining |
| 23:31 | Crear | Spearman |
| 23:32 | Crear | Spearman |
| 24:11 | Investigar | Pikeman (upgrade) |
| 24:13 | Investigar | Gambesons |
| 24:18 | Crear | Spearman |
| 24:18 | Crear | Spearman |
| 24:18 | Crear | Spearman |
| 24:27 | Construir | Mill |
| 24:34 | Crear | Villager (Male) |
| 24:38 | Crear | Spearman |
| 24:39 | Crear | Spearman |
| 24:54 | Crear | Spearman |
| 24:54 | Crear | Spearman |
| 24:54 | Crear | Spearman |
| 24:55 | Crear | Spearman |
| 25:16 | Crear | Spearman |
| 25:16 | Crear | Spearman |
| 25:16 | Crear | Spearman |
| 25:17 | Crear | Spearman |
| 25:17 | Crear | Spearman |
| 25:26 | Crear | Spearman |
| 25:26 | Crear | Spearman |
Build order — mdecelle
Primeras 150 de 447 acciones detectadas
| 0:02 | Crear | Villager (Male) |
| 0:02 | Crear | Villager (Male) |
| 0:02 | Crear | Villager (Male) |
| 0:04 | Construir | House |
| 0:05 | Construir | House |
| 0:10 | Crear | Villager (Male) |
| 0:11 | Crear | Villager (Male) |
| 1:26 | Crear | Villager (Male) |
| 1:26 | Crear | Villager (Male) |
| 1:27 | Crear | Villager (Male) |
| 2:00 | Crear | Villager (Male) |
| 2:00 | Crear | Villager (Male) |
| 2:27 | Crear | Villager (Male) |
| 2:28 | Crear | Villager (Male) |
| 2:40 | Crear | Villager (Male) |
| 2:40 | Crear | Villager (Male) |
| 2:40 | Crear | Villager (Male) |
| 2:41 | Crear | Villager (Male) |
| 2:41 | Crear | Villager (Male) |
| 3:23 | Crear | Villager (Male) |
| 3:23 | Crear | Villager (Male) |
| 3:23 | Crear | Villager (Male) |
| 3:34 | Construir | House |
| 3:43 | Crear | Villager (Male) |
| 3:44 | Crear | Villager (Male) |
| 3:53 | Construir | Lumber Camp |
| 4:02 | Crear | Villager (Male) |
| 4:02 | Crear | Villager (Male) |
| 4:04 | Investigar | Loom |
| 4:30 | Crear | Villager (Male) |
| 4:30 | Crear | Villager (Male) |
| 5:02 | Crear | Villager (Male) |
| 5:02 | Crear | Villager (Male) |
| 5:07 | Crear | Villager (Male) |
| 5:31 | Crear | Villager (Male) |
| 5:31 | Crear | Villager (Male) |
| 5:49 | Construir | House |
| 6:14 | Crear | Villager (Male) |
| 6:14 | Crear | Villager (Male) |
| 6:14 | Crear | Villager (Male) |
| 6:45 | Construir | Palisade Wall |
| 6:57 | Construir | Mill |
| 7:21 | Construir | Palisade Wall |
| 7:30 | Construir | Palisade Wall |
| 7:49 | Construir | Palisade Wall |
| 7:53 | Crear | Villager (Male) |
| 7:53 | Crear | Villager (Male) |
| 7:54 | Crear | Villager (Male) |
| 7:58 | Construir | House |
| 8:03 | Crear | Villager (Male) |
| 8:03 | Crear | Villager (Male) |
| 8:15 | Construir | Mill |
| 8:17 | Crear | Villager (Male) |
| 9:18 | Construir | House |
| 9:23 | Construir | Mining Camp |
| 9:24 | Crear | Villager (Male) |
| 9:24 | Crear | Villager (Male) |
| 9:43 | Construir | House |
| 9:50 | Crear | Villager (Male) |
| 10:13 | Construir | Dock |
| 10:30 | Crear | Villager (Male) |
| 10:30 | Crear | Villager (Male) |
| 10:40 | Investigar | Feudal Age |
| 10:50 | Construir | Farm |
| 10:55 | Crear | Fishing Ship |
| 10:55 | Crear | Fishing Ship |
| 11:01 | Construir | House |
| 11:04 | Construir | Farm |
| 11:26 | Construir | Mining Camp |
| 11:32 | Crear | Villager (Male) |
| 11:32 | Crear | Villager (Male) |
| 11:42 | Crear | Fishing Ship |
| 12:04 | Crear | Villager (Male) |
| 12:13 | Crear | Villager (Male) |
| 12:21 | Crear | Fishing Ship |
| 13:05 | Edad | Edad Feudal |
| 13:10 | Construir | Blacksmith |
| 13:34 | Construir | Market |
| 13:57 | Crear | Villager (Male) |
| 14:10 | Crear | Fishing Ship |
| 14:17 | Investigar | Castle Age |
| 14:24 | Investigar | Double-Bit Axe |
| 14:50 | Construir | Farm |
| 15:05 | Construir | Stone Wall |
| 15:15 | Crear | Villager (Male) |
| 15:25 | Investigar | Horse Collar |
| 15:28 | Construir | Farm |
| 15:32 | Construir | Farm |
| 15:38 | Construir | Farm |
| 15:41 | Construir | Farm |
| 15:43 | Construir | Farm |
| 16:01 | Construir | Mining Camp |
| 16:09 | Crear | Villager (Male) |
| 16:14 | Construir | Farm |
| 16:21 | Construir | Farm |
| 16:23 | Crear | Villager (Male) |
| 16:59 | Investigar | Stone Mining |
| 17:02 | Edad | Edad de los Castillos |
| 17:06 | Crear | Villager (Male) |
| 17:18 | Construir | Town Center |
| 17:37 | Investigar | Bow Saw |
| 18:06 | Crear | Villager (Male) |
| 18:21 | Investigar | Heavy Plow |
| 18:22 | Crear | Villager (Male) |
| 18:23 | Crear | Villager (Male) |
| 18:50 | Construir | Monastery |
| 18:55 | Crear | Villager (Male) |
| 18:56 | Crear | Villager (Male) |
| 19:10 | Construir | Fish Trap |
| 19:14 | Crear | Villager (Male) |
| 19:15 | Crear | Villager (Male) |
| 19:15 | Crear | Villager (Male) |
| 19:29 | Construir | Fish Trap |
| 19:38 | Crear | Villager (Male) |
| 19:39 | Crear | Villager (Male) |
| 19:45 | Construir | House |
| 19:52 | Crear | Monk |
| 19:56 | Crear | Villager (Male) |
| 20:13 | Construir | Town Center |
| 20:23 | Crear | Villager (Male) |
| 20:23 | Crear | Villager (Male) |
| 20:37 | Construir | Farm |
| 20:39 | Crear | Villager (Male) |
| 21:22 | Crear | Villager (Male) |
| 21:22 | Crear | Villager (Male) |
| 21:35 | Construir | Building 673 |
| 21:44 | Crear | Villager (Male) |
| 21:44 | Crear | Villager (Male) |
| 21:44 | Crear | Villager (Male) |
| 21:57 | Crear | Villager (Male) |
| 21:58 | Crear | Villager (Male) |
| 21:59 | Crear | Villager (Male) |
| 22:00 | Crear | Villager (Male) |
| 22:00 | Crear | Villager (Male) |
| 22:13 | Construir | Fish Trap |
| 22:15 | Construir | Fish Trap |
| 22:17 | Construir | House |
| 22:19 | Crear | Villager (Male) |
| 22:30 | Construir | House |
| 22:31 | Construir | House |
| 22:32 | Construir | House |
| 22:33 | Construir | House |
| 22:35 | Construir | House |
| 22:36 | Crear | Villager (Male) |
| 22:36 | Crear | Villager (Male) |
| 22:47 | Construir | House |
| 23:22 | Investigar | Fervor |
| 23:23 | Crear | Villager (Male) |
| 23:24 | Crear | Villager (Male) |
| 23:24 | Crear | Villager (Male) |
Build order — 左青龍右家宏
Primeras 150 de 267 acciones detectadas
| 0:02 | Crear | Villager (Male) ×4 |
| 0:04 | Construir | House |
| 0:05 | Construir | House |
| 1:52 | Crear | Villager (Male) |
| 1:52 | Crear | Villager (Male) |
| 1:52 | Crear | Villager (Male) |
| 2:11 | Crear | Villager (Male) |
| 2:11 | Crear | Villager (Male) |
| 2:11 | Crear | Villager (Male) |
| 2:23 | Crear | Villager (Male) |
| 2:28 | Investigar | Loom |
| 3:05 | Crear | Villager (Male) |
| 3:05 | Crear | Villager (Male) |
| 3:41 | Crear | Villager (Male) |
| 3:57 | Crear | Villager (Male) |
| 3:57 | Crear | Villager (Male) |
| 4:02 | Construir | House |
| 4:03 | Construir | House |
| 4:06 | Construir | House |
| 4:07 | Construir | House |
| 4:30 | Construir | Lumber Camp |
| 4:37 | Crear | Villager (Male) |
| 5:19 | Crear | Villager (Male) |
| 5:20 | Crear | Villager (Male) |
| 6:06 | Construir | House |
| 6:15 | Construir | Mill |
| 6:17 | Crear | Villager (Male) |
| 6:18 | Crear | Villager (Male) |
| 7:26 | Crear | Villager (Male) |
| 7:26 | Crear | Villager (Male) |
| 7:26 | Crear | Villager (Male) |
| 8:03 | Construir | Dock |
| 8:10 | Crear | Villager (Male) |
| 8:24 | Crear | Villager (Male) |
| 8:25 | Crear | Villager (Male) |
| 8:47 | Crear | Villager (Male) |
| 8:52 | Crear | Fishing Ship |
| 9:06 | Crear | Villager (Male) |
| 9:47 | Investigar | Feudal Age |
| 9:47 | Crear | Villager (Male) |
| 9:47 | Crear | Villager (Male) |
| 9:58 | Crear | Fishing Ship |
| 11:01 | Construir | Mining Camp |
| 11:30 | Construir | Mill |
| 12:06 | Edad | Edad Feudal |
| 12:11 | Construir | Market |
| 12:18 | Construir | Blacksmith |
| 12:22 | Construir | House |
| 12:23 | Construir | House |
| 12:26 | Construir | House |
| 12:27 | Construir | House |
| 12:31 | Crear | Villager (Male) |
| 12:48 | Crear | Villager (Male) |
| 12:54 | Investigar | Double-Bit Axe |
| 13:24 | Crear | Villager (Male) |
| 13:34 | Crear | Fishing Ship |
| 13:50 | Construir | Mining Camp |
| 13:54 | Crear | Villager (Male) |
| 14:05 | Crear | Fishing Ship |
| 14:26 | Crear | Villager (Male) |
| 14:31 | Construir | House |
| 14:32 | Construir | House |
| 14:56 | Investigar | Castle Age |
| 15:24 | Crear | Villager (Male) |
| 15:28 | Investigar | Tech 906 |
| 16:11 | Construir | House |
| 16:13 | Construir | House |
| 16:14 | Construir | House |
| 16:16 | Construir | House |
| 16:17 | Construir | House |
| 16:18 | Construir | House |
| 16:26 | Crear | Villager (Male) |
| 16:39 | Construir | Farm |
| 16:39 | Construir | Farm |
| 16:42 | Construir | Farm |
| 16:44 | Construir | Farm |
| 16:44 | Construir | Farm |
| 16:44 | Construir | Farm |
| 16:44 | Construir | Farm |
| 16:44 | Construir | Farm |
| 16:45 | Construir | Farm |
| 16:53 | Investigar | Horse Collar |
| 17:41 | Edad | Edad de los Castillos |
| 17:45 | Construir | Town Center |
| 17:49 | Investigar | Wheelbarrow |
| 17:58 | Investigar | Bow Saw |
| 18:45 | Investigar | Heavy Plow |
| 18:49 | Investigar | Gillnets |
| 19:03 | Construir | Fish Trap |
| 19:16 | Construir | Fish Trap |
| 19:16 | Construir | Fish Trap |
| 19:20 | Crear | Villager (Male) ×5 |
| 19:32 | Construir | Fish Trap |
| 19:39 | Crear | Villager (Male) |
| 20:05 | Construir | Town Center |
| 20:36 | Investigar | Gillnets |
| 20:45 | Crear | Villager (Male) |
| 20:52 | Construir | Farm |
| 20:53 | Construir | Farm |
| 20:56 | Construir | Farm |
| 20:57 | Construir | Farm |
| 21:04 | Construir | Farm |
| 21:05 | Construir | Farm |
| 21:08 | Crear | Villager (Male) |
| 21:14 | Crear | Fishing Ship |
| 21:21 | Construir | Fish Trap |
| 21:23 | Construir | Fish Trap |
| 21:32 | Crear | Villager (Male) ×2 |
| 22:09 | Crear | Villager (Male) ×3 |
| 22:15 | Crear | Fishing Ship |
| 22:15 | Crear | Fishing Ship |
| 22:15 | Crear | Fishing Ship |
| 22:19 | Construir | Fish Trap |
| 22:19 | Construir | Fish Trap |
| 22:20 | Construir | Fish Trap |
| 22:24 | Crear | Fishing Ship |
| 22:40 | Construir | Dock |
| 22:47 | Crear | Villager (Male) ×4 |
| 22:59 | Construir | Farm |
| 22:59 | Construir | Farm |
| 23:00 | Construir | Farm |
| 23:00 | Construir | Farm |
| 23:00 | Construir | Farm |
| 23:00 | Construir | Farm |
| 23:00 | Construir | Farm |
| 23:01 | Construir | Farm |
| 23:01 | Construir | Farm |
| 23:01 | Construir | Farm |
| 23:04 | Crear | Villager (Male) ×2 |
| 23:14 | Construir | Farm |
| 23:19 | Construir | Farm |
| 23:33 | Crear | Fishing Ship |
| 23:33 | Crear | Fishing Ship |
| 23:39 | Construir | Fish Trap |
| 23:40 | Construir | Fish Trap |
| 23:51 | Construir | Fish Trap |
| 23:52 | Construir | Fish Trap |
| 23:57 | Crear | Villager (Male) ×5 |
| 24:56 | Construir | Barracks |
| 25:08 | Construir | Stone Wall |
| 25:12 | Construir | Building 487 |
| 25:16 | Investigar | Hand Cart |
| 25:17 | Crear | Villager (Male) ×5 |
| 25:18 | Investigar | Town Watch |
| 25:43 | Crear | Villager (Male) ×5 |
| 25:52 | Construir | Siege Workshop |
| 26:00 | Construir | Farm |
| 26:00 | Construir | Farm |
| 26:00 | Construir | Farm |
| 26:00 | Construir | Farm |
Build order — DiegoArmando
Primeras 150 de 173 acciones detectadas
| 0:03 | Crear | Villager (Male) ×4 |
| 0:03 | Crear | Villager (Male) ×4 |
| 0:03 | Crear | Villager (Male) ×4 |
| 0:04 | Construir | House |
| 0:06 | Construir | House |
| 1:34 | Crear | Villager (Male) |
| 1:35 | Crear | Villager (Male) |
| 1:35 | Crear | Villager (Male) |
| 1:56 | Construir | Lumber Camp |
| 2:04 | Crear | Villager (Male) |
| 2:04 | Crear | Villager (Male) |
| 2:05 | Crear | Villager (Male) |
| 2:23 | Crear | Villager (Male) |
| 2:23 | Crear | Villager (Male) |
| 2:24 | Crear | Villager (Male) |
| 2:54 | Crear | Villager (Male) |
| 2:54 | Crear | Villager (Male) |
| 2:54 | Crear | Villager (Male) |
| 3:12 | Crear | Villager (Male) |
| 3:12 | Crear | Villager (Male) |
| 3:13 | Crear | Villager (Male) |
| 3:42 | Crear | Villager (Male) |
| 3:42 | Crear | Villager (Male) |
| 3:51 | Construir | House |
| 4:17 | Construir | Mill |
| 4:23 | Crear | Villager (Male) |
| 4:24 | Crear | Villager (Male) |
| 4:24 | Crear | Villager (Male) |
| 4:40 | Crear | Villager (Male) |
| 4:40 | Crear | Villager (Male) |
| 4:40 | Crear | Villager (Male) |
| 5:15 | Crear | Villager (Male) |
| 5:15 | Crear | Villager (Male) |
| 5:16 | Crear | Villager (Male) |
| 5:20 | Construir | House |
| 5:36 | Construir | House |
| 5:47 | Construir | Farm |
| 5:54 | Crear | Villager (Male) |
| 5:54 | Crear | Villager (Male) |
| 5:54 | Crear | Villager (Male) |
| 5:55 | Crear | Villager (Male) |
| 5:55 | Crear | Villager (Male) |
| 6:24 | Construir | Farm |
| 7:12 | Investigar | Loom |
| 7:12 | Investigar | Loom |
| 7:26 | Crear | Villager (Male) |
| 7:26 | Crear | Villager (Male) |
| 7:26 | Crear | Villager (Male) |
| 7:27 | Crear | Villager (Male) |
| 7:42 | Crear | Villager (Male) |
| 7:43 | Crear | Villager (Male) |
| 8:54 | Crear | Villager (Male) |
| 8:54 | Crear | Villager (Male) |
| 9:31 | Construir | Farm |
| 9:59 | Construir | Mining Camp |
| 10:09 | Investigar | Feudal Age |
| 10:24 | Construir | Farm |
| 10:46 | Construir | Farm |
| 11:00 | Construir | Farm |
| 12:04 | Crear | Villager (Male) |
| 12:05 | Crear | Villager (Male) |
| 12:25 | Edad | Edad Feudal |
| 12:29 | Construir | Blacksmith |
| 12:31 | Crear | Villager (Male) |
| 12:38 | Construir | Market |
| 12:49 | Investigar | Double-Bit Axe |
| 13:22 | Investigar | Castle Age |
| 13:45 | Investigar | Horse Collar |
| 13:46 | Investigar | Horse Collar |
| 14:01 | Construir | House |
| 14:15 | Construir | Farm |
| 14:23 | Construir | Farm |
| 14:26 | Construir | Farm |
| 14:28 | Construir | Farm |
| 16:14 | Construir | Farm |
| 16:20 | Edad | Edad de los Castillos |
| 16:35 | Construir | Siege Workshop |
| 16:38 | Crear | Villager (Male) |
| 16:38 | Crear | Villager (Male) |
| 16:42 | Construir | Monastery |
| 17:41 | Construir | House |
| 18:03 | Investigar | Imperial Age |
| 18:03 | Investigar | Imperial Age |
| 19:09 | Construir | Barracks |
| 20:09 | Construir | Archery Range |
| 20:21 | Investigar | Gold Mining |
| 20:21 | Investigar | Gold Mining |
| 20:21 | Investigar | Bow Saw |
| 20:21 | Investigar | Bow Saw |
| 20:39 | Crear | Monk |
| 20:52 | Construir | Archery Range |
| 21:09 | Crear | Villager (Male) |
| 21:10 | Crear | Villager (Male) |
| 21:13 | Edad | Edad Imperial |
| 21:20 | Crear | Bombard Cannon |
| 21:22 | Crear | Hand Cannoneer |
| 21:22 | Crear | Hand Cannoneer |
| 21:36 | Construir | Lumber Camp |
| 21:52 | Crear | Hand Cannoneer |
| 21:57 | Crear | Bombard Cannon |
| 22:05 | Construir | House |
| 22:27 | Crear | Villager (Male) |
| 22:32 | Crear | Hand Cannoneer |
| 22:33 | Crear | Hand Cannoneer |
| 22:35 | Crear | Hand Cannoneer |
| 22:38 | Construir | House |
| 22:56 | Crear | Bombard Cannon |
| 23:00 | Crear | Hand Cannoneer |
| 23:00 | Crear | Hand Cannoneer |
| 23:04 | Investigar | Town Watch |
| 23:05 | Investigar | Padded Archer Armor |
| 23:05 | Investigar | Padded Archer Armor |
| 23:14 | Construir | Farm |
| 23:15 | Construir | Farm |
| 23:30 | Construir | House |
| 23:58 | Crear | Bombard Cannon |
| 23:59 | Crear | Bombard Cannon |
| 23:59 | Crear | Bombard Cannon |
| 24:10 | Crear | Hand Cannoneer |
| 24:10 | Crear | Hand Cannoneer |
| 24:11 | Crear | Hand Cannoneer |
| 25:42 | Crear | Hand Cannoneer ×5 |
| 25:43 | Crear | Hand Cannoneer ×5 |
| 25:43 | Crear | Hand Cannoneer ×4 |
| 25:43 | Crear | Hand Cannoneer ×4 |
| 27:12 | Crear | Hand Cannoneer ×5 |
| 27:13 | Crear | Hand Cannoneer ×5 |
| 27:13 | Crear | Hand Cannoneer ×3 |
| 27:13 | Crear | Hand Cannoneer ×3 |
| 28:24 | Crear | Hand Cannoneer ×3 |
| 28:32 | Construir | Farm |
| 28:33 | Construir | Farm |
| 28:34 | Construir | Farm |
| 28:35 | Construir | Farm |
| 28:37 | Construir | Farm |
| 28:38 | Construir | House |
| 28:39 | Construir | House |
| 28:39 | Construir | House |
| 28:40 | Construir | House |
| 28:40 | Construir | House |
| 28:40 | Construir | House |
| 28:40 | Construir | House |
| 29:18 | Crear | Bombard Cannon |
| 29:18 | Crear | Bombard Cannon |
| 29:52 | Investigar | Leather Archer Armor |
| 29:52 | Investigar | Leather Archer Armor |
| 30:48 | Crear | Bombard Cannon |
| 30:49 | Crear | Bombard Cannon |
| 30:52 | Crear | Hand Cannoneer |
| 30:52 | Crear | Hand Cannoneer |
Build order — 劉劉家
Primeras 150 de 378 acciones detectadas
| 0:01 | Crear | Villager (Male) |
| 0:02 | Investigar | Loom |
| 0:02 | Crear | Villager (Male) |
| 0:03 | Crear | Villager (Male) |
| 0:03 | Crear | Villager (Male) |
| 0:03 | Crear | Villager (Male) |
| 0:05 | Construir | House |
| 0:06 | Construir | House |
| 1:22 | Construir | Palisade Wall |
| 1:49 | Crear | Villager (Male) |
| 1:49 | Crear | Villager (Male) |
| 1:49 | Crear | Villager (Male) |
| 2:29 | Crear | Villager (Male) |
| 2:30 | Crear | Villager (Male) |
| 3:08 | Crear | Villager (Male) |
| 3:08 | Crear | Villager (Male) |
| 3:08 | Crear | Villager (Male) |
| 3:11 | Construir | Lumber Camp |
| 3:22 | Crear | Villager (Male) |
| 3:22 | Crear | Villager (Male) |
| 3:54 | Crear | Villager (Male) |
| 4:15 | Crear | Villager (Male) |
| 4:15 | Crear | Villager (Male) |
| 4:15 | Crear | Villager (Male) |
| 4:24 | Construir | House |
| 4:46 | Crear | Villager (Male) |
| 5:01 | Crear | Villager (Male) |
| 5:01 | Crear | Villager (Male) |
| 5:59 | Construir | House |
| 6:02 | Crear | Villager (Male) |
| 6:21 | Crear | Villager (Male) |
| 6:42 | Construir | Palisade Wall |
| 6:55 | Crear | Villager (Male) |
| 7:20 | Crear | Villager (Male) |
| 7:44 | Crear | Villager (Male) |
| 7:56 | Construir | Mill |
| 8:05 | Crear | Villager (Male) |
| 8:31 | Crear | Villager (Male) |
| 8:53 | Construir | Mining Camp |
| 9:00 | Crear | Villager (Male) |
| 9:16 | Construir | Dock |
| 9:27 | Crear | Villager (Male) |
| 10:03 | Investigar | Feudal Age |
| 10:08 | Crear | Transport Ship |
| 10:11 | Construir | House |
| 10:28 | Crear | Fishing Ship |
| 10:33 | Crear | Fishing Ship |
| 10:50 | Construir | House |
| 11:35 | Crear | Fishing Ship |
| 12:13 | Edad | Edad Feudal |
| 12:14 | Crear | Villager (Male) |
| 12:14 | Crear | Villager (Male) |
| 12:30 | Construir | Market |
| 12:36 | Construir | Blacksmith |
| 13:03 | Crear | Villager (Male) |
| 13:24 | Investigar | Castle Age |
| 14:00 | Investigar | Double-Bit Axe |
| 14:01 | Investigar | Double-Bit Axe |
| 14:24 | Construir | Lumber Camp |
| 14:38 | Investigar | Horse Collar |
| 15:10 | Crear | Villager (Male) |
| 15:10 | Crear | Villager (Male) |
| 15:29 | Construir | Barracks |
| 15:33 | Investigar | Gold Mining |
| 16:09 | Edad | Edad de los Castillos |
| 16:10 | Crear | Villager (Male) |
| 16:15 | Construir | Siege Workshop |
| 16:21 | Crear | Villager (Male) |
| 16:26 | Construir | Fish Trap |
| 16:36 | Crear | Villager (Male) |
| 16:38 | Crear | Fire Lancer |
| 16:40 | Crear | Fire Lancer |
| 16:53 | Construir | Fish Trap |
| 17:00 | Construir | House |
| 17:01 | Construir | House |
| 17:08 | Crear | Battering Ram |
| 17:13 | Crear | Fire Lancer |
| 17:16 | Investigar | Scale Mail Armor |
| 17:24 | Construir | House |
| 17:32 | Construir | Town Center |
| 17:45 | Crear | Fishing Ship |
| 17:46 | Crear | Villager (Male) |
| 17:56 | Crear | Villager (Male) |
| 18:13 | Crear | Mangonel |
| 18:26 | Crear | Fire Lancer |
| 18:33 | Crear | Villager (Male) |
| 18:39 | Crear | Villager (Male) |
| 18:41 | Construir | House |
| 18:41 | Construir | House |
| 18:45 | Crear | Fire Lancer |
| 18:57 | Crear | Villager (Male) |
| 18:57 | Crear | Villager (Male) |
| 19:00 | Crear | Battering Ram |
| 19:03 | Crear | Villager (Male) |
| 19:20 | Crear | Fishing Ship |
| 19:35 | Investigar | Bow Saw |
| 19:36 | Investigar | Bow Saw |
| 19:44 | Crear | Battering Ram |
| 19:46 | Crear | Fire Lancer |
| 19:46 | Crear | Fire Lancer |
| 19:49 | Crear | Fire Lancer |
| 20:00 | Crear | Villager (Male) |
| 20:00 | Crear | Villager (Male) |
| 20:03 | Construir | Farm |
| 20:05 | Construir | Farm |
| 20:18 | Crear | Fire Lancer |
| 20:40 | Crear | Villager (Male) |
| 20:40 | Crear | Villager (Male) |
| 20:45 | Crear | Fire Lancer |
| 20:53 | Construir | Farm |
| 20:56 | Construir | Farm |
| 20:58 | Construir | Farm |
| 20:58 | Construir | Farm |
| 20:59 | Construir | Farm |
| 20:59 | Construir | Farm |
| 21:01 | Crear | Villager (Male) |
| 21:03 | Construir | Farm |
| 21:04 | Construir | Farm |
| 21:09 | Crear | Villager (Male) |
| 21:30 | Crear | Fire Lancer |
| 21:52 | Construir | Farm |
| 21:53 | Construir | Farm |
| 21:54 | Construir | Farm |
| 22:39 | Crear | Villager (Male) |
| 22:39 | Crear | Villager (Male) |
| 22:39 | Crear | Villager (Male) |
| 22:39 | Crear | Villager (Male) |
| 22:40 | Crear | Villager (Male) |
| 22:42 | Construir | Farm |
| 22:43 | Construir | House |
| 22:43 | Construir | House |
| 22:46 | Crear | Villager (Male) |
| 22:48 | Construir | Town Center |
| 22:51 | Crear | Villager (Male) |
| 23:19 | Crear | Villager (Male) |
| 23:19 | Crear | Villager (Male) |
| 23:19 | Crear | Villager (Male) |
| 23:20 | Crear | Villager (Male) |
| 23:29 | Construir | Town Center |
| 23:33 | Crear | Villager (Male) |
| 24:08 | Crear | Battering Ram |
| 24:11 | Crear | Villager (Male) |
| 24:11 | Crear | Villager (Male) |
| 24:20 | Construir | Fish Trap |
| 24:24 | Construir | Fish Trap |
| 24:27 | Construir | Fish Trap |
| 24:30 | Crear | Villager (Male) |
| 24:33 | Crear | Villager (Male) |
| 24:33 | Crear | Villager (Male) |
| 24:41 | Crear | Villager (Male) |
Build order — PhreshLaud
Primeras 150 de 387 acciones detectadas
| 0:02 | Crear | Villager (Male) ×4 |
| 0:02 | Crear | Villager (Male) ×4 |
| 0:03 | Crear | Villager (Male) ×4 |
| 0:04 | Construir | House |
| 0:05 | Construir | House |
| 1:37 | Crear | Villager (Male) |
| 1:37 | Crear | Villager (Male) |
| 1:37 | Crear | Villager (Male) |
| 1:59 | Construir | Lumber Camp |
| 2:05 | Crear | Villager (Male) |
| 2:05 | Crear | Villager (Male) |
| 2:06 | Crear | Villager (Male) |
| 2:37 | Crear | Villager (Male) |
| 2:37 | Crear | Villager (Male) |
| 2:37 | Crear | Villager (Male) |
| 2:53 | Crear | Villager (Male) |
| 2:53 | Crear | Villager (Male) |
| 2:53 | Crear | Villager (Male) |
| 3:08 | Construir | House |
| 3:26 | Crear | Villager (Male) |
| 3:26 | Crear | Villager (Male) |
| 3:26 | Crear | Villager (Male) |
| 3:52 | Crear | Villager (Male) |
| 3:52 | Crear | Villager (Male) |
| 3:52 | Crear | Villager (Male) |
| 4:19 | Crear | Villager (Male) |
| 4:19 | Crear | Villager (Male) |
| 4:20 | Crear | Villager (Male) |
| 4:30 | Construir | Mill |
| 4:42 | Crear | Villager (Male) |
| 4:42 | Crear | Villager (Male) |
| 4:42 | Crear | Villager (Male) |
| 5:04 | Crear | Villager (Male) |
| 5:04 | Crear | Villager (Male) |
| 5:05 | Crear | Villager (Male) |
| 5:26 | Crear | Villager (Male) |
| 5:37 | Construir | House |
| 5:45 | Construir | Dock |
| 5:59 | Crear | Villager (Male) ×2 |
| 5:59 | Crear | Villager (Male) ×2 |
| 6:27 | Crear | Fishing Ship |
| 6:49 | Crear | Villager (Male) ×3 |
| 6:49 | Crear | Villager (Male) ×3 |
| 6:50 | Crear | Villager (Male) ×3 |
| 7:04 | Crear | Fishing Ship |
| 7:29 | Construir | House |
| 7:44 | Crear | Villager (Male) |
| 7:44 | Crear | Villager (Male) |
| 7:44 | Crear | Villager (Male) |
| 7:59 | Crear | Fishing Ship |
| 8:20 | Crear | Fishing Ship |
| 8:38 | Construir | House |
| 9:06 | Investigar | Feudal Age |
| 9:06 | Investigar | Feudal Age |
| 9:06 | Investigar | Feudal Age |
| 9:19 | Crear | Fishing Ship |
| 9:38 | Crear | Villager (Male) |
| 9:38 | Crear | Villager (Male) |
| 9:44 | Construir | Mining Camp |
| 11:16 | Edad | Edad Feudal |
| 11:18 | Construir | Market |
| 11:20 | Construir | Blacksmith |
| 11:23 | Construir | House |
| 11:29 | Crear | Fishing Ship |
| 11:38 | Construir | House |
| 11:50 | Construir | Fish Trap |
| 11:54 | Construir | Fish Trap |
| 12:01 | Investigar | Tech 906 |
| 12:03 | Crear | Villager (Male) |
| 12:32 | Construir | Fish Trap |
| 12:33 | Crear | Villager (Male) |
| 12:52 | Construir | House |
| 12:55 | Crear | Villager (Male) |
| 13:18 | Crear | Villager (Male) |
| 13:36 | Construir | Fish Trap |
| 13:38 | Crear | Fishing Ship |
| 14:08 | Investigar | Castle Age |
| 14:18 | Construir | Mill |
| 14:29 | Construir | Fish Trap |
| 14:40 | Crear | Villager (Male) |
| 14:40 | Crear | Villager (Male) |
| 15:33 | Crear | Fishing Ship |
| 15:39 | Construir | Fish Trap |
| 15:44 | Investigar | Double-Bit Axe |
| 16:48 | Edad | Edad de los Castillos |
| 16:55 | Construir | Town Center |
| 17:12 | Crear | Villager (Male) |
| 17:28 | Construir | Town Center |
| 17:40 | Crear | Villager (Male) |
| 17:43 | Crear | Fishing Ship |
| 17:58 | Crear | Villager (Male) |
| 18:07 | Construir | Fish Trap |
| 18:20 | Crear | Villager (Male) |
| 18:20 | Crear | Villager (Male) |
| 18:28 | Crear | Villager (Male) |
| 18:31 | Crear | Villager (Male) ×5 |
| 18:38 | Construir | Fish Trap |
| 18:41 | Crear | Fishing Ship |
| 19:00 | Construir | Farm |
| 19:02 | Investigar | Horse Collar |
| 19:05 | Crear | Villager (Male) ×5 |
| 19:12 | Construir | House |
| 19:14 | Construir | House |
| 19:23 | Crear | Villager (Male) |
| 19:48 | Construir | Town Center |
| 19:51 | Crear | Villager (Male) ×5 |
| 19:57 | Construir | Fish Trap |
| 19:59 | Crear | Fishing Ship |
| 20:03 | Construir | Lumber Camp |
| 20:09 | Crear | Villager (Male) |
| 20:30 | Construir | Farm |
| 20:31 | Construir | Farm |
| 20:33 | Investigar | Heavy Plow |
| 20:35 | Crear | Villager (Male) |
| 20:46 | Construir | Fish Trap |
| 21:03 | Investigar | Gillnets |
| 21:03 | Investigar | Gillnets |
| 21:03 | Investigar | Gillnets |
| 21:03 | Investigar | Gillnets |
| 21:10 | Crear | Villager (Male) |
| 21:10 | Crear | Villager (Male) |
| 21:11 | Crear | Villager (Male) |
| 21:17 | Construir | Farm |
| 21:18 | Construir | Farm |
| 21:18 | Construir | Farm |
| 21:18 | Construir | Farm |
| 21:18 | Construir | Farm |
| 21:24 | Crear | Villager (Male) |
| 21:32 | Construir | Farm |
| 21:32 | Construir | Farm |
| 21:32 | Construir | Farm |
| 21:32 | Construir | Farm |
| 21:44 | Crear | Villager (Male) |
| 21:44 | Crear | Villager (Male) |
| 21:44 | Crear | Villager (Male) |
| 21:48 | Construir | House |
| 21:50 | Construir | House |
| 21:52 | Construir | House |
| 21:56 | Construir | Farm |
| 21:56 | Construir | Farm |
| 21:57 | Construir | Farm |
| 21:57 | Construir | Farm |
| 22:00 | Crear | Villager (Male) |
| 22:00 | Crear | Villager (Male) |
| 22:00 | Crear | Villager (Male) |
| 22:04 | Construir | Farm |
| 22:04 | Construir | Farm |
| 22:04 | Construir | Farm |
| 22:08 | Crear | Villager (Male) |
| 22:08 | Crear | Villager (Male) |
Cronología de la partida
| 0:40 | Manan369 · wall_segment Palisade Wall x7 |
| 1:10 | Vagatela · wall_segment Palisade Wall x9 |
| 1:22 | 劉劉家 · wall_segment Palisade Wall x15 |
| 1:55 | Manan369 · wall_segment Palisade Wall x11 |
| 2:40 | Mono brasilero · wall_segment Palisade Wall x18 |
| 5:26 | Mono brasilero · wall_segment Palisade Wall x4 |
| 5:45 | PhreshLaud · first_building Dock |
| 6:42 | 劉劉家 · wall_segment Palisade Wall x1 |
| 6:45 | mdecelle · wall_segment Palisade Wall x6 |
| 7:21 | mdecelle · wall_segment Palisade Wall x6 |
| 7:30 | mdecelle · wall_segment Palisade Wall x6 |
| 7:36 | Mono brasilero · wall_segment Palisade Wall x10 |
| 7:40 | Mono brasilero · wall_segment Palisade Wall x16 |
| 7:49 | mdecelle · wall_segment Palisade Wall x1 |
| 8:03 | 左青龍右家宏 · first_building Dock |
| 8:51 | Mono brasilero · wall_segment Palisade Wall x4 |
| 9:16 | Mono brasilero · wall_segment Palisade Wall x3 |
| 9:16 | 劉劉家 · first_building Dock |
| 10:13 | mdecelle · first_building Dock |
| 11:16 | PhreshLaud · age_up feudal |
| 11:42 | Manan369 · age_up feudal |
| 11:46 | Mono brasilero · age_up feudal |
| 12:06 | 左青龍右家宏 · age_up feudal |
| 12:13 | 劉劉家 · age_up feudal |
| 12:25 | DiegoArmando · age_up feudal |
| 12:50 | Mono brasilero · wall_segment Stone Wall x5 |
| 12:54 | Mono brasilero · wall_segment Stone Wall x6 |
| 12:57 | Vagatela · age_up feudal |
| 12:57 | Mono brasilero · wall_segment Stone Wall x1 |
| 12:57 | Manan369 · first_market_sell 100 wood |
| 13:05 | mdecelle · age_up feudal |
| 13:24 | Vagatela · wall_segment Stone Wall x10 |
| 14:41 | Mono brasilero · wall_segment Stone Wall x8 |
| 14:41 | Manan369 · wall_segment Palisade Wall x7 |
| 14:42 | Manan369 · wall_segment Palisade Wall x6 |
| 15:05 | mdecelle · wall_segment Stone Wall x22 |
| 15:29 | 劉劉家 · first_building Barracks |
| 15:44 | Manan369 · age_up castle |
| 16:03 | Vagatela · wall_segment Stone Wall x9 |
| 16:03 | Mono brasilero · age_up castle |
| 16:09 | 劉劉家 · age_up castle |
| 16:15 | 劉劉家 · first_building Siege Workshop |
| 16:20 | DiegoArmando · age_up castle |
| 16:35 | DiegoArmando · first_building Siege Workshop |
| 16:39 | Mono brasilero · first_market_buy 100 stone |
| 16:42 | DiegoArmando · first_building Monastery |
| 16:48 | PhreshLaud · age_up castle |
| 16:50 | PhreshLaud · first_market_buy 100 wood |
| 16:55 | Vagatela · first_building Barracks |
| 17:02 | mdecelle · age_up castle |
| 17:26 | DiegoArmando · first_market_sell 500 stone |
| 17:32 | Mono brasilero · wall_segment Stone Wall x8 |
| 17:41 | 左青龍右家宏 · age_up castle |
| 17:59 | Mono brasilero · first_building Monastery |
| 18:31 | Vagatela · first_market_buy 100 food |
| 18:50 | mdecelle · first_building Monastery |
| 19:09 | DiegoArmando · first_building Barracks |
| 19:31 | Vagatela · wall_segment Stone Wall x12 |
| 19:35 | PhreshLaud · first_market_sell 100 food |
| 20:09 | DiegoArmando · first_building Archery Range |
| 21:13 | DiegoArmando · age_up imperial |
| 21:54 | Vagatela · age_up castle |
| 22:02 | Mono brasilero · wall_segment Stone Wall x10 |
| 22:17 | Mono brasilero · first_market_sell 100 wood |
| 22:29 | Manan369 · first_building Monastery |
| 22:43 | Mono brasilero · first_building Castle |
| 23:18 | Mono brasilero · first_building Siege Workshop |
| 23:25 | 劉劉家 · first_market_buy 100 stone |
| 23:33 | mdecelle · wall_segment Stone Wall x2 |
| 24:02 | Manan369 · first_building Castle |
| 24:37 | mdecelle · first_building Castle |
| 24:56 | 左青龍右家宏 · first_building Barracks |
| 25:08 | 左青龍右家宏 · wall_segment Stone Wall x11 |
| 25:40 | PhreshLaud · first_building Monastery |
| 25:46 | Manan369 · first_building Siege Workshop |
| 25:52 | 左青龍右家宏 · first_building Siege Workshop |
| 26:14 | 左青龍右家宏 · first_building Archery Range |
| 26:42 | Mono brasilero · wall_segment Stone Wall x5 |
| 26:49 | Manan369 · first_market_buy 100 stone |
| 27:11 | Mono brasilero · wall_segment Stone Wall x2 |
| 27:16 | Mono brasilero · wall_segment Stone Wall x1 |
| 27:17 | Mono brasilero · wall_segment Stone Wall x1 |
| 27:25 | mdecelle · first_building Barracks |
| 27:37 | mdecelle · first_building Siege Workshop |
| 27:57 | 左青龍右家宏 · wall_segment Stone Wall x9 |
| 28:16 | Vagatela · first_building Monastery |
| 28:37 | mdecelle · first_building Archery Range |
| 28:52 | 劉劉家 · first_building Monastery |
| 28:56 | 左青龍右家宏 · first_building Castle |
| 29:09 | PhreshLaud · first_building Barracks |
| 29:47 | Vagatela · first_building Castle |
| 30:18 | PhreshLaud · first_building Siege Workshop |
| 30:34 | PhreshLaud · first_building Archery Range |
| 30:40 | PhreshLaud · age_up imperial |
| 30:58 | 劉劉家 · first_building Archery Range |
| 31:14 | Mono brasilero · wall_segment Stone Wall x15 |
| 31:17 | Mono brasilero · wall_segment Stone Wall x5 |
| 31:32 | mdecelle · first_building Stable |
| 31:39 | Vagatela · first_market_sell 100 wood |
| 31:44 | 劉劉家 · first_building Castle |
| 32:40 | 劉劉家 · age_up imperial |
| 32:54 | 劉劉家 · tribute_sent a jugador 1 |
| 32:54 | 劉劉家 · tribute_sent a jugador 2 |
| 32:54 | 劉劉家 · tribute_sent a jugador 3 |
| 32:54 | 劉劉家 · tribute_sent a jugador 4 |
| 32:54 | 劉劉家 · tribute_sent a jugador 5 |
| 32:54 | 劉劉家 · tribute_sent a jugador 6 |
| 32:54 | 劉劉家 · tribute_sent a jugador 8 |
| 33:19 | PhreshLaud · first_building Castle |
| 35:58 | mdecelle · age_up imperial |
| 36:10 | mdecelle · first_market_sell 100 food |
| 38:38 | Mono brasilero · age_up imperial |
| 38:41 | 左青龍右家宏 · age_up imperial |
| 39:55 | Mono brasilero · first_building Barracks |
| 40:34 | Mono brasilero · first_building Stable |
| 41:14 | Vagatela · wall_segment Stone Wall x14 |
| 41:22 | 劉劉家 · tribute_sent a jugador 1 |
| 41:22 | 劉劉家 · tribute_sent a jugador 2 |
| 41:22 | 劉劉家 · tribute_sent a jugador 3 |
| 41:22 | 劉劉家 · tribute_sent a jugador 4 |
| 41:22 | 劉劉家 · tribute_sent a jugador 5 |
| 41:22 | 劉劉家 · tribute_sent a jugador 6 |
| 41:22 | 劉劉家 · tribute_sent a jugador 8 |
| 41:55 | DiegoArmando · resign |
| 42:04 | Manan369 · age_up imperial |
[ ANÁLISIS IA · 1 CRÉDITO ]
¿Qué pasó realmente en esta partida?
Wolo.gg analiza cada decisión: build order, eco, micro, errores típicos por bracket. Análisis personalizado por WhatsApp o Discord en 30 segundos.
Guía civ
Britanos
Perfil
Jugador #3427080